[Event "Late-Titled-Tuesday-Blitz-February-06-2024"]
[Site "Chess.com"]
[Date "2024.02.06"]
[Round "1"]
[White "Pelusiansky"]
[Black "js20000"]
[Result "0-1"]
[WhiteElo "2449"]
[BlackElo "2831"]
[TimeControl "180+1"]
[EndTime "14:07:28 PST"]
[Termination "js20000 won by resignation"]

1. c4 e6 2. Nc3 d5 3. d4 Nf6 4. cxd5 exd5 5. Bg5 Nbd7 6. e3 Be7 7. Bd3 h6 8. Bh4 c6 9. Nge2 Nh5 10. Bxe7 Qxe7 11. h3 Nb6 12. Qc2 Be6 13. g4 Nf6 14. Ng3 g6 15.
O-O-O O-O-O 16. Kb1 Kb8 17. Rc1 h5 18. g5 Ne8 19. h4 Nd6 20. Nge2 Bg4 21. Nf4 Qd7 22. Ka1 Bf5 23. b3 Bxd3 24. Nxd3 Qf5 25. Ne5 Qxc2 26.
Rxc2 Nd7 27. Nxd7+ Rxd7 28. Ne2 Re8 29. Ng3 Rc7 30. Kb2 b6 31. Rcc1 Kb7 32. Rcd1 f6 33.
gxf6 Rf7 34. Ne2 Rxf6 35. Nf4 Ne4 36. Rh2 Rd8 37. Rg1 c5 38. f3 Nd6 39. dxc5 bxc5 40. Rxg6 Rxg6 41. Nxg6 Re8 42. Nf4 Rxe3 43. Nxd5 Rxf3 44.
Nc3 Rf4 45. Rd2 Kc6 46. Rh2 Nf5 47. Na4 Rxh4 48. Rc2 c4 49. bxc4 Ne3 50. Rc3 Nd1+ 51. Kb3 Nxc3 52. Nxc3 Rh3 53. Kb4 Rxc3 54. Kxc3 h4 0-1

[Event "Late-Titled-Tuesday-Blitz-February-06-2024"]
[Site "Chess.com"]
[Date "2024.02.06"]
[Round "1"]
[White "GiorgianBarbosa"]
[Black "KaydenTroffChess"]
[Result "0-1"]
[WhiteElo "2458"]
[BlackElo "2853"]
[TimeControl "180+1"]
[EndTime "14:07:29 PST"]
[Termination "KaydenTroffChess won by checkmate"]

1. c4 Nf6 2. g3 g6 3. Bg2 Bg7 4. e3 O-O 5. Ne2 d5 6. O-O dxc4 7. Na3 c6 8. Nxc4 Bf5 9. d4 Nbd7 10.
b3 Nb6 11. a4 Be6 12. Qc2 Nfd5 13. a5 Nb4 14. Qc3 N6d5 15. Qd2 Na6 16. Ba3 Ndc7 17. Nf4 Bf5 18. e4 Bc8 19. Rad1 Nb5 20. Bb2 Bg4 21. Ne2 Bxe2 22. Qxe2 Nxd4 23. Bxd4 Bxd4 24. e5 Rb8 25. h4 c5 26. h5 b5 27. axb6 axb6 28.
e6 f6 29. hxg6 hxg6 30. Ne5 fxe5 31. Qxa6 Qd6 32. Bh3 Rf3 33. Qe2 Rbf8 34. Qe4 Rxg3+ 35. Kh2 Rg5 36. f3 Rf4 37. Qc2 e4 38. Kh1 Rh4 39. Qh2 Qg3 40. fxe4 Qxh3 41. Rg1 Qxh2# 0-1

[Event "Late-Titled-Tuesday-Blitz-February-06-2024"]
[Site "Chess.com"]
[Date "2024.02.06"]
[Round "1"]
[White "javierfreilemartin"]
[Black "ArtemDyachuk"]
[Result "0-1"]
[WhiteElo "2322"]
[BlackElo "2646"]
[TimeControl "180+1"]
[EndTime "14:07:30 PST"]
[Termination "ArtemDyachuk won by resignation"]

1. c4 e6 2. Nc3 d5 3. d4 Nf6 4. Bg5 Be7 5. e3 O-O 6. Qc2 b6 7. Nf3 h6 8. Bh4 Bb7 9. Bxf6 Bxf6 10. cxd5 exd5 11. Be2 c5 12. Rd1 cxd4 13. Nxd4 Nd7 14. O-O Rc8 15. Bg4 Rc4 16. Be2 Rc8 17. Bg4 Re8 18. Qa4 Nc5 19. Qc2 Nd7 20. Qa4 Rc7 21. Ndb5 Rc4 22. Qc2 Rxg4 23. Nd6 Bc6 24. Nxe8 Qxe8 25. Nxd5 Bxd5 26. Rxd5 Nc5 27. g3 Rb4 28. b3 Qe6 29. Rfd1 g6 30. Rd6 Qe7 31. Qe2 Kg7 32. h4 Ne4 33. Rd7 Qe6 34. Qf3 a5 35. h5 Ng5 36.
Qb7 gxh5 37. R1d6 Qf5 38. f4 Ne4 39. Rxf7+ Kg8 40. Rc6 Nc5 41. Rcxf6 Qb1+ 42. Kg2 Nxb7 43. Rxb7 Qb2+ 44. Kh3 Qxf6 0-1

[Event "Late-Titled-Tuesday-Blitz-February-06-2024"]
[Site "Chess.com"]
[Date "2024.02.06"]
[Round "1"]
[White "neri_gaite"]
[Black "slorovel"]
[Result "0-1"]
[WhiteElo "2031"]
[BlackElo "2551"]
[TimeControl "180+1"]
[EndTime "14:07:30 PST"]
[Termination "slorovel won by checkmate"]

1. d4 Nf6 2. c4 g6 3. Nc3 Bg7 4. e4 d6 5. Be2 O-O 6. h4 c5 7. d5 e6 8. h5 exd5 9. exd5 Re8 10. h6 Bh8 11. Kf1 Nbd7 12. Bf4 Ne5 13. Nf3 a6 14. Nxe5 dxe5 15. Be3 Nd7 16. a4 f5 17. Rc1 e4 18. d6 Nf6 19. Bxc5 Be6 20. Nd5 Nxd5 21. cxd5 Bd7 22. Bd4 Rf8 23. Bxh8 Kxh8 24. Qd4+ Qf6 25. Qxf6+ Rxf6 26. Rc7 Rxd6 27. Bc4 b5 28. axb5 axb5 29. Bb3 Ra1+ 30. Ke2 Rxh1 31. Rb7 Kg8 32. Ke3 Rb1 33. Kf4 Rxb2 34. Ke5 Ra6 35. d6+ Rxb3 36. Rxd7 Rd3 37. Rg7+ Kf8 38. d7 Rad6 39.
Rxh7 Rxd7 40. Rh8+ Kf7 41. Rb8 Rd8 42. Rb7+ R3d7 43.
Rxb5 Kg8 44. Kf6 Kh7 45. Kg5 Rf8 46. Rb6 Rg8 47. Re6 Rf7 48. Rd6 f4 49. Re6 Rf5+ 50. Kg4 f3 51. gxf3 exf3 52. Kh4 Kxh6 53. Kg4 Rgf8 54. Re4 Rg5+ 55. Kh4 Rg2 56. Kh3 Kg5 57. Re5+ Kf4 58. Ra5 Rh8+ 59. Rh5 Rxh5# 0-1

[Event "Late-Titled-Tuesday-Blitz-February-06-2024"]
[Site "Chess.com"]
[Date "2024.02.06"]
[Round "1"]
[White "sakkikuska"]
[Black "BozeKat"]
[Result "1-0"]
[WhiteElo "2543"]
[BlackElo "1995"]
[TimeControl "180+1"]
[EndTime "14:07:30 PST"]
[Termination "sakkikuska won by resignation"]

1. e4 c5 2. Nf3 a6 3. c4 g6 4. Nc3 Bg7 5. d4 cxd4 6. Nxd4 e6 7. Be3 Nc6 8. Be2 Nge7 9. O-O O-O 10.
Rc1 f5 11. exf5 gxf5 12. Nxc6 Nxc6 13. Bc5 Rf6 14. Bf3 Rg6 15. Bxc6 bxc6 16. b3 Qg5 17. Qf3 e5 18. Be3 Qf6 19. Rfd1 Qe6 20. c5 a5 21. Rd6 Qf7 22. Rcd1 Rxd6 23. Rxd6 Ba6 24. h4 Rf8 25. h5 h6 26. Bxh6 Kh7 27. Bxg7 Qxg7 28. Rg6 Qxg6 29.
hxg6+ Kxg6 30. Qg3+ Kf6 31. Qh4+ Ke6 32. Qh6+ Rf6 33. Qh8 Rf7 34. Qe8+ Re7 35. Qg8+ Kf6 36. Qf8+ Rf7 37. Qd6+ Kg7 38. Qxe5+ Kg6 39. Qg3+ Kf6 40. Qd6+ Kg7 41. Qc7 Bd3 42. Qxa5 Be4 43. Nxe4 fxe4 44. Qb4 Rf4 45. Qd4+ Kg6 46. Qd6+ Kf5 47. Qxd7+ Ke5 48. Qd6+ Kf5 49. Qxc6 e3 50. Qd5+ Kg4 51. Qe6+ Kg5 52. Qxe3 Kg4 53. Qxf4+ Kxf4 54. c6 1-0

[Event "Late-Titled-Tuesday-Blitz-February-06-2024"]
[Site "Chess.com"]
[Date "2024.02.06"]
[Round "1"]
[White "jcmesafischer"]
[Black "traviscottofficial"]
[Result "0-1"]
[WhiteElo "2363"]
[BlackElo "2679"]
[TimeControl "180+1"]
[EndTime "14:07:32 PST"]
[Termination "traviscottofficial won by checkmate"]

1. e4 e5 2. Nf3 Nc6 3. Bc4 Bc5 4. c3 Nf6 5. d3 d6 6. a4 a6 7. Nbd2 O-O 8. O-O Be6 9. b4 Ba7 10. h3 Qe7 11. Re1 Rfd8 12. Qe2 g6 13. Nf1 Nh5 14. Bg5 f6 15. Bh6 Bxc4 16. dxc4 Qf7 17.
Qd3 g5 18. h4 Nf4 19. Qd2 Qh5 20.
hxg5 Qg4 21. g3 Nh3+ 22. Kg2 Nf4+ 23. Kg1 Qxf3 24. gxf4 exf4 25. Qd5+ Kh8 26. c5 Qg4+ 27. Kh1 Qf3+ 28. Kg1 Ne5 29. gxf6 Qg4+ 30. Kh1 Qh5+ 31. Nh2 Qxh6 32. Rg1 Qxf6 33. Rg2 dxc5 34. Qb3 c4 35. Qc2 Rg8 36. Rag1 Rxg2 37. Rxg2 Rg8 38. Rxg8+ Kxg8 39. Qe2 Nd3 40. Qg4+ Qg6 41. Qc8+ Kg7 42. Qxc7+ Kh6 43. Ng4+ Qxg4 44. Qxc4 Nxf2+ 45. Kh2 Qg3# 0-1

[Event "Late-Titled-Tuesday-Blitz-February-06-2024"]
[Site "Chess.com"]
[Date "2024.02.06"]
[Round "1"]
[White "mc4chess"]
[Black "lluiss"]
[Result "0-1"]
[WhiteElo "2555"]
[BlackElo "2147"]
[TimeControl "180+1"]
[EndTime "14:07:33 PST"]
[Termination "lluiss won by resignation"]

1. b3 d5 2. Bb2 Bf5 3. e3 e6 4. Nf3 Nf6 5. d4 h6 6. Bd3 Bxd3 7. cxd3 Be7 8. O-O O-O 9. Nc3 c5 10. dxc5 Bxc5 11. Rc1 Nbd7 12. Qe2 Qe7 13. Nb5 a6 14.
Nbd4 Rfc8 15. Rc2 Ba3 16. Rfc1 Rxc2 17. Qxc2 Bd6 18. h3 Nb6 19. e4 Ba3 20. e5 Nfd7 21.
Ne2 Rc8 22. Qb1 Bxb2 23. Qxb2 Qd8 24. d4 Rxc1+ 25. Nxc1 Qc7 26. Nd3 Nc8 27. a4 Ne7 28. g4 Nc6 29. b4 Qb6 30. b5 axb5 31. axb5 Na7 32. Qa3 Nxb5 33. Qe7 Nf8 34. g5 Nxd4 35. Nh4 Ne2+ 36. Kf1 Nf4 37. Nxf4 Qb1+ 38. Kg2 Qe4+ 39.
Kg3 Qxe5 40. Qxf8+ Kxf8 41. Ng6+ fxg6 0-1

[Event "Late-Titled-Tuesday-Blitz-February-06-2024"]
[Site "Chess.com"]
[Date "2024.02.06"]
[Round "1"]
[White "Statham_01"]
[Black "mjelcic"]
[Result "1-0"]
[WhiteElo "2592"]
[BlackElo "2207"]
[TimeControl "180+1"]
[EndTime "14:07:34 PST"]
[Termination "Statham_01 won by resignation"]

1. e4 g6 2. d4 Bg7 3. Nc3 c5 4. Nf3 cxd4 5. Nxd4 Nc6 6. Be3 Nf6 7. Nxc6 bxc6 8. e5 Ng8 9. Bd4 Qc7 10. e6 Bxd4 11.
Qxd4 Nf6 12. exf7+ Kxf7 13. O-O-O e5 14. Qc5 Re8 15. Bc4+ Kg7 16. Rhe1 Rb8 17. f4 Qb6 18. Qxb6 axb6 19. fxe5 Ng4 20. e6 d5 21. h3 dxc4 22. hxg4 Rxe6 23. g5 Rxe1 24. Rxe1 Kf7 25. Ne4 Bf5 26. Nd6+ Kf8 27. Nxc4 b5 28. Nd6 Ra8 29. a3 b4 30. axb4 Ra1+ 31. Kd2 Rxe1 32. Kxe1 Bxc2 33.
Kd2 Bb3 34. Kc3 Bd5 35. g3 Ke7 36. Nb7 Ke6 37. g4 Ke5 38. Nd8 Kf4 39. Kd4 Kxg5 40. b5 Bf3 41. b6 c5+ 42. Kxc5 Kxg4 43. Nc6 h5 44. b7 h4 45. b8=Q 1-0

[Event "Late-Titled-Tuesday-Blitz-February-06-2024"]
[Site "Chess.com"]
[Date "2024.02.06"]
[Round "1"]
[White "Nick12772"]
[Black "GMAkobianSTL"]
[Result "1/2-1/2"]
[WhiteElo "2384"]
[BlackElo "2697"]
[TimeControl "180+1"]
[EndTime "14:07:35 PST"]
[Termination "Game drawn by repetition"]

1. Nf3 d5 2. g3 c5 3. Bg2 Nc6 4. d4 Bg4 5. Ne5 Bh5 6. Nxc6 bxc6 7. c4 e6 8. cxd5 cxd5 9. Nc3 Nf6 10. Bg5 Rc8 11.
Bxf6 gxf6 12. O-O f5 13. Qd2 Bg7 14. dxc5 Rxc5 15. e3 O-O 16. Rac1 Qb8 17. b3 Rfc8 18.
Ne2 Bxe2 19. Rxc5 Rxc5 20. Qxe2 Qc7 21. Rd1 a5 22. h4 Be5 23. Rd2 Rc1+ 24. Kh2 Kg7 25. Qh5 h6 26. Qe2 Qc3 27. Bf3 Qa1 28. Rd1 Rxd1 29. Qxd1 Qxa2 30. Kg2 Bc3 31. Be2 Qb2 32.
Bb5 Kf8 33. Ba4 Ke7 34. Qh5 Be1 35. Qf3 Qc2 36. Qf4 Qe4+ 37. Qxe4 fxe4 38. g4 Kf6 39. Kf1 Bb4 40. Kg2 Ke5 41. Be8 Kf6 42. Kg3 Ke7 43.
Ba4 Bd6+ 44. Kg2 Be5 45. Kh3 Bf6 46. Kg3 e5 47. Bc6 Ke6 48. Kh3 Be7 49. Kg3 f6 50. Bb7 Bb4 51. Kh3 Kd6 52. Kg2 Bc5 53. Kg3 Bb6 54. Kg2 Bc5 55. Kg3 Ba3 56. Kg2 Bc5 1/2-1/2

[Event "Late-Titled-Tuesday-Blitz-February-06-2024"]
[Site "Chess.com"]
[Date "2024.02.06"]
[Round "1"]
[White "Lion_DL"]
[Black "goldihouse"]
[Result "1-0"]
[WhiteElo "2327"]
[BlackElo "2616"]
[TimeControl "180+1"]
[EndTime "14:07:35 PST"]
[Termination "Lion_DL won by checkmate"]

1. d4 Nf6 2. c4 e6 3. Nf3 b6 4. a3 c5 5. d5 Ba6 6. e3 exd5 7. cxd5 Bxf1 8. Kxf1 g6 9. Nc3 Bg7 10. g3 O-O 11. Kg2 d6 12. h3 Re8 13. Re1 a6 14. a4 Ne4 15. Nxe4 Rxe4 16. Qc2 Re8 17. Bd2 Nd7 18.
Bc3 Rb8 19. Bxg7 Kxg7 20. e4 Qf6 21. Rab1 b5 22. axb5 axb5 23. b3 Ra8 24. Nd2 Ra3 25.
f4 Rea8 26. Rb2 Qd4 27. Nf3 Qxb2 28. Qxb2+ f6 29. Kg1 Ra2 30. Qc3 b4 31. Qd3 Rb2 32.
Re2 Ra1+ 33. Kg2 Raa2 34. Rxb2 Rxb2+ 35. Kf1 c4 36. Qxc4 Nc5 37. Qxb4 Rxb3 38. Qd4 Rxf3+ 39. Kg2 Rd3 40. Qb4 g5 41. fxg5 fxg5 42.
Qb2+ Kg6 43. Qh8 Rd2+ 44. Kf3 Rd1 45. Qg8+ Kf6 46. Qf8+ Ke5 47. Qg7# 1-0

[Event "Late-Titled-Tuesday-Blitz-February-06-2024"]
[Site "Chess.com"]
[Date "2024.02.06"]
[Round "1"]
[White "jlf287"]
[Black "mishanick"]
[Result "0-1"]
[WhiteElo "2521"]
[BlackElo "3070"]
[TimeControl "180+1"]
[EndTime "14:07:36 PST"]
[Termination "mishanick won on time"]

1. d4 Nf6 2. c4 e6 3. g3 d5 4. Bg2 Bb4+ 5. Nd2 O-O 6. Nf3 dxc4 7. Qc2 a5 8. a3 Bxd2+ 9. Bxd2 b5 10. a4 c6 11. h4 Ra7 12. h5 h6 13. g4 Nxg4 14. Bh3 f5 15. Rg1 e5 16. Nxe5 Qh4 17. Bxg4 fxg4 18. O-O-O Rxf2 19. Be3 Rf6 20. d5 Re7 21. Ng6 Rxg6 22. Qxg6 Rxe3 23. dxc6 Qe7 24. Rd6 c3 25. Rgd1 cxb2+ 26. Kb1 Nxc6 27. Rxc6 Be6 28. Rcd6 Bf7 29. Rd8+ Be8 30. axb5 Re6 31. Qd3 a4 32. Qd5 Kh7 33.
Qf5+ Kh8 34. R8d5 Bf7 35. Rd8+ Bg8 36. Qd3 a3 37. Ka2 Re3+ 38. Rxg8+ Kxg8 39. Qd8+ Kh7 0-1

[Event "Late-Titled-Tuesday-Blitz-February-06-2024"]
[Site "Chess.com"]
[Date "2024.02.06"]
[Round "1"]
[White "vanyakuba"]
[Black "bazar-wokzal"]
[Result "1-0"]
[WhiteElo "2336"]
[BlackElo "2621"]
[TimeControl "180+1"]
[EndTime "14:07:37 PST"]
[Termination "vanyakuba won on time"]

1. e4 Nc6 2. Nc3 Nf6 3. Nf3 d5 4. exd5 Nxd5 5. Bb5 Nxc3 6. bxc3 Qd6 7. d4 a6 8. Bc4 Na5 9. Bd3 Bg4 10. h3 Bh5 11. g4 Bg6 12. Ne5 e6 13. Bxg6 hxg6 14. Qf3 Qe7 15. Ba3 Qf6 16. Qxf6 gxf6 17. Bxf8 Kxf8 18.
Nd3 b6 19. h4 Nc4 20. h5 Ke7 21. Ke2 gxh5 22. gxh5 Rag8 23. Rh2 Rg5 24. Rah1 Rh6 25. Nf4 Ra5 26. Kd3 b5 27. Rg2 Rxa2 28. Rg7 Kf8 29.
Rhg1 Nd6 30. Rg8+ Ke7 31. Ra8 e5 32. Nd5+ Ke6 33. Nxc7+ Kf5 34. dxe5 fxe5 35. Nd5 Rxh5 36. Rd8 Ne4 37. Ne7+ Kf4 38. Nc8 1-0

[Event "Late-Titled-Tuesday-Blitz-February-06-2024"]
[Site "Chess.com"]
[Date "2024.02.06"]
[Round "1"]
[White "vladoboch"]
[Black "Elsa167"]
[Result "0-1"]
[WhiteElo "2469"]
[BlackElo "2885"]
[TimeControl "180+1"]
[EndTime "14:07:38 PST"]
[Termination "Elsa167 won by checkmate"]

1. e4 e6 2. d4 d5 3. e5 c5 4. c3 Nc6 5. Nf3 Qb6 6. Bd3 cxd4 7. O-O Bd7 8. Re1 Nge7 9. h4 Rc8 10. h5 h6 11. a3 a6 12. b4 g5 13. hxg6 Nxg6 14.
Bxg6 fxg6 15. cxd4 Kf7 16. Qd3 Be7 17. Nbd2 Kg7 18.
Nb3 g5 19. Nc5 Bxc5 20. bxc5 Qd8 21. Rb1 Rc7 22. Nh2 Be8 23. Rb6 Bg6 24. Qc3 Bf5 25. Be3 Rf8 26. Reb1 Rff7 27. R1b2 Qc8 28. Qd2 Ne7 29. f4 g4 30. Nf1 h5 31. Bf2 Ng6 32. Ng3 Kh6 33. Qe3 h4 34. Nxf5+ Rxf5 35. g3 h3 36. Be1 Kh5 37. Ba5 Rcf7 38. Rd6 Nxf4 39.
gxf4 Rxf4 40. Rbb6 Qf8 41. Rb1 Rf1+ 42. Rxf1 Rxf1+ 43. Kh2 Rf2+ 44. Kg3 Rg2# 0-1

[Event "Late-Titled-Tuesday-Blitz-February-06-2024"]
[Site "Chess.com"]
[Date "2024.02.06"]
[Round "1"]
[White "JM2005GM"]
[Black "Kostukov_Alex"]
[Result "1-0"]
[WhiteElo "2620"]
[BlackElo "2290"]
[TimeControl "180+1"]
[EndTime "14:07:38 PST"]
[Termination "JM2005GM won on time"]

1. e4 c5 2. Nf3 g6 3. d4 cxd4 4. Nxd4 Nc6 5. c4 Bg7 6. Be3 Nf6 7. Nc3 O-O 8. Be2 Nxd4 9. Bxd4 Qa5 10. O-O d6 11. h3 Be6 12. Rc1 Rfc8 13. b3 a6 14. Qd2 Nxe4 15. Nxe4 Qxd2 16. Nxd2 Bxd4 17. Bf3 Rab8 18. b4 b5 19. Nb3 Ba7 20. Na5 bxc4 21. Nc6 Rb7 22. a3 Rbc7 23. Nxa7 Rxa7 24. Rfd1 Rac7 25.
Rc3 Kg7 26. h4 h5 27. g3 Kf6 28. Kg2 Bf5 29. Rd5 Bd3 30. Ra5 e6 31. Rxa6 Ke7 32. b5 d5 33. b6 Rc5 34. a4 Rb8 35. a5 d4 36. Rc1 c3 37. b7 Kf6 38. Ra8 Rxb7 39.
Bxb7 Bc4 40. a6 Ra5 41. a7 Ra3 42. Bf3 Bd5 43. Bxd5 exd5 44. Rd8 Rxa7 45. Rxd5 Ra4 46. Kf3 Ke6 47. Rd8 Ke5 48. Ke2 Ke4 49. Re8+ Kd5 50.
Kd3 Ra2 51. Rd8+ Ke5 52. Re1+ Kf6 53. Rxd4 1-0

[Event "Late-Titled-Tuesday-Blitz-February-06-2024"]
[Site "Chess.com"]
[Date "2024.02.06"]
[Round "1"]
[White "h4parah5"]
[Black "ImportedItalianMaple"]
[Result "1-0"]
[WhiteElo "2971"]
[BlackElo "2509"]
[TimeControl "180+1"]
[EndTime "14:07:40 PST"]
[Termination "h4parah5 won by resignation"]

1. Nf3 Nf6 2. c4 b6 3. Nc3 Bb7 4. Qc2 e6 5. e4 d5 6. cxd5 exd5 7.
e5 Ne4 8. Bb5+ Nd7 9. e6 fxe6 10.
Nxe4 dxe4 11. Ne5 c6 12. Bxc6 Bxc6 13. Qxc6 Rc8 14. Qxe4 Nxe5 15. Qxe5 Qd5 16. Qxd5 exd5 17. b3 Rc2 18. Kd1 Rc6 19. Bb2 Bc5 20. Re1+ Kd7 21.
Re2 Rf8 22. f3 d4 23. Rc1 Re6 24. Rc4 d3 25. Rxe6 Kxe6 26. b4 Kd5 27. Rg4 Bf2 28. Bxg7 Re8 29. Kc1 Rc8+ 30. Bc3 Re8 31. Kb2 Re2 32. Kb3 b5 33. Rg7 Kc6 34. Rxh7 Be1 35. Rh6+ Kb7 36. Rd6 Bxd2 37. Bxd2 Rxd2 38. g4 Rxh2 39.
Rxd3 Kc6 40. Rc3+ Kd6 41. Rc5 a6 42. Rf5 Re2 43. g5 Re3+ 44. Kc2 Re2+ 45. Kd3 Rxa2 46. f4 Rb2 47. Kc3 Rf2 48. Rf6+ Kd5 49. g6 Rg2 50. f5 Ke5 51. Rf7 Rg3+ 52. Kc2 Rg2+ 53. Kd3 Rg3+ 54. Ke2 Rg4 55. g7 Re4+ 56. Kf3 1-0

[Event "Late-Titled-Tuesday-Blitz-February-06-2024"]
[Site "Chess.com"]
[Date "2024.02.06"]
[Round "1"]
[White "varunkrishnanchess"]
[Black "GreatOwl02"]
[Result "1-0"]
[WhiteElo "2631"]
[BlackElo "2303"]
[TimeControl "180+1"]
[EndTime "14:07:40 PST"]
[Termination "varunkrishnanchess won on time"]

1. d4 Nf6 2. c4 e6 3. Nf3 b6 4. a3 Bb7 5. Nc3 d5 6. cxd5 Nxd5 7. Qc2 Nxc3 8. bxc3 Nd7 9. e4 c5 10. Bd3 Qc7 11.
O-O cxd4 12. cxd4 Qxc2 13. Bxc2 Rc8 14. Bd3 Be7 15. Bb2 O-O 16. Rac1 Nf6 17. Nd2 a6 18. f3 b5 19. Nb3 Rxc1 20. Rxc1 Rc8 21. Rd1 Nd7 22. Kf2 Kf8 23. Nd2 Bd8 24. a4 b4 25.
Nc4 Bc6 26. a5 Ke7 27. Ne3 Bxa5 28. d5 Bb5 29. Bxb5 axb5 30. Bxg7 Bb6 31. Ke2 b3 32. Rb1 Bxe3 33. Kxe3 Rc2 34. Rxb3 Rxg2 35. Bd4 e5 36. Bc3 Rc2 37. Bd2 Ra2 38. Rxb5 Kd6 39. Bb4+ Kc7 40.
Bc3 f6 41. Rb3 Nb6 42. Bb4 Rxh2 43. Rc3+ Kb7 44. Rc6 1-0

[Event "Late-Titled-Tuesday-Blitz-February-06-2024"]
[Site "Chess.com"]
[Date "2024.02.06"]
[Round "1"]
[White "alphienothere"]
[Black "AmanteDeMoi"]
[Result "0-1"]
[WhiteElo "2223"]
[BlackElo "2604"]
[TimeControl "180+1"]
[EndTime "14:07:40 PST"]
[Termination "AmanteDeMoi won by resignation"]

1. d4 g6 2. e4 Bg7 3. c3 c6 4.
Nf3 d5 5. e5 h5 6. Bd3 Nh6 7. Bxh6 Bxh6 8. O-O Bg4 9. Nbd2 Bxd2 10. Qxd2 Bxf3 11. gxf3 e6 12. Kh1 Qh4 13. f4 Nd7 14. f3 Kf8 15. a4 a5 16. Qe3 Kg7 17.
Rg1 Kf8 18. Rg5 Ke7 19. Rag1 Nf8 20. c4 Nh7 21. cxd5 cxd5 22. R5g2 Rac8 23. f5 gxf5 24. Rg7 Nf8 25. Bb5 Rc7 26. Qa3+ Kd8 27. Qd6+ Kc8 28.
Be8 Qd8 29. Qxd8+ Kxd8 30. Bxf7 h4 31. h3 Re7 32. Bg8 b6 33. Rxe7 Kxe7 34. Rg7+ Ke8 35. Kh2 Rh6 36. Rb7 Nd7 37. Rxb6 Nxb6 38. Bh7 Rxh7 39.
Kg2 Rc7 40. Kf2 Rc2+ 41. Ke3 Rxb2 42. Kf4 Rg2 0-1

[Event "Late-Titled-Tuesday-Blitz-February-06-2024"]
[Site "Chess.com"]
[Date "2024.02.06"]
[Round "1"]
[White "marcodobrikov"]
[Black "falzehope0"]
[Result "1-0"]
[WhiteElo "2665"]
[BlackElo "2349"]
[TimeControl "180+1"]
[EndTime "14:07:41 PST"]
[Termination "marcodobrikov won on time"]

1. Nf3 d6 2. g3 Nf6 3. Bg2 Nbd7 4.
d4 e5 5. O-O Be7 6. c4 O-O 7. Nc3 c6 8. e4 Re8 9. Re1 Qc7 10. b3 Nf8 11. Bb2 Ng6 12. Qd2 Bd7 13. Rad1 Qc8 14. Ba3 Bh3 15. dxe5 d5 16. Bxe7 Bxg2 17.
Kxg2 Nxe4 18. Nxe4 dxe4 19. Rxe4 Rxe7 20. Qd6 Qf5 21. Red4 Rae8 22. Re1 h5 23. h4 Nxe5 24. Rf4 Qd7 25. Qxd7 Nxd7 26. Rxe7 Rxe7 27. Rd4 f6 28. b4 Nb6 29. Nd2 Kf7 30. Kf3 Nd7 31. Ne4 Ne5+ 32.
Kg2 b6 33. c5 b5 34. Nd6+ Ke6 35. f4 Ng4 36. f5+ Kd7 37. Nxb5+ Kc8 38. Nd6+ Kc7 39. Kf3 Re3+ 40. Kf4 Re2 41. a4 Rf2+ 42. Ke4 Ra2 43. a5 Ne5 44. Ne8+ Kc8 45. Nxg7 Re2+ 46. Kf4 Rf2+ 47. Ke3 Rf3+ 48. Ke2 Rxg3 49. Nxh5 Rg2+ 50. Kf1 Rh2 51. Nxf6 Nf3 52. Rf4 Ne5 53. Ne4 Rb2 54. f6 Nf7 55. Nd6+ 1-0

[Event "Late-Titled-Tuesday-Blitz-February-06-2024"]
[Site "Chess.com"]
[Date "2024.02.06"]
[Round "1"]
[White "Karttunen"]
[Black "nikitadovbnya2008"]
[Result "1/2-1/2"]
[WhiteElo "2638"]
[BlackElo "2336"]
[TimeControl "180+1"]
[EndTime "14:07:41 PST"]
[Termination "Game drawn by repetition"]

1. e4 e5 2. Nf3 Nc6 3. Bb5 a6 4. Ba4 Nf6 5. O-O Be7 6. Re1 b5 7. Bb3 O-O 8. a4 b4 9. d3 d6 10. a5 Be6 11. Bxe6 fxe6 12. c3 Rb8 13. Nbd2 Qd7 14.
Nc4 Nh5 15. Bd2 Nf4 16. Qc2 Qe8 17. Bxf4 Rxf4 18. Kh1 Qh5 19. Ncd2 Rbf8 20. Re3 d5 21. exd5 exd5 22. Qa4 R8f6 23. Rae1 Bd6 24. Qb3 e4 25.
dxe4 Rxf3 26. Nxf3 Rxf3 27. Qxd5+ Qxd5 28. exd5 Rxe3 29.
Rxe3 Nxa5 30. cxb4 Bxb4 31. Re8+ Kf7 32. Ra8 Nc4 33. Rxa6 Bd6 34. b3 Nd2 35. g3 Nxb3 36. Kg2 Nc5 37. Ra8 Kf6 38. f4 Nd7 39. Kf3 Nb6 40.
Ra5 h5 41. h3 g6 42. Rb5 Ke7 43. g4 Kf6 44. Ke4 hxg4 45. hxg4 g5 46. fxg5+ Kxg5 47. Rb1 Kxg4 48. Rg1+ Kh5 49. Rg7 Kh4 50. Rg8 Kh3 51. Rg7 Kh4 52. Rg8 Kh3 53. Rg7 Kh4 1/2-1/2

[Event "Late-Titled-Tuesday-Blitz-February-06-2024"]
[Site "Chess.com"]
[Date "2024.02.06"]
[Round "1"]
[White "alexrustemov"]
[Black "eCztery"]
[Result "1-0"]
[WhiteElo "2788"]
[BlackElo "2415"]
[TimeControl "180+1"]
[EndTime "14:07:42 PST"]
[Termination "alexrustemov won by resignation"]

1. d4 Nf6 2. c4 e6 3. Nf3 Bb4+ 4. Bd2 Qe7 5. g3 Ne4 6. Bg2 O-O 7. O-O Nxd2 8. Nbxd2 d6 9. Nb3 b6 10. a3 Ba5 11. Nc1 c5 12. Nd3 b5 13. dxc5 dxc5 14.
cxb5 Bb7 15. Qc2 Nd7 16. Nfe5 Bxg2 17. Kxg2 Nxe5 18. Nxe5 Qb7+ 19. f3 Qxb5 20. Nc4 Bc7 21. Rfd1 Rfd8 22. b3 g6 23. Rxd8+ Rxd8 24. Rd1 Rd5 25.
Rd3 a5 26. a4 Qd7 27. Qd1 h5 28.
Kf2 Bd8 29. Ne3 Rd4 30. Nc2 Rd5 31. Ne3 Rd4 32. Rxd4 cxd4 33. Nc4 h4 34. Qd3 hxg3+ 35. hxg3 Bf6 36. Nxa5 Qd5 37. Nc4 Qh5 38. Ke1 Qh2 39.
f4 g5 40. Qf3 Qg1+ 41. Kd2 Qb1 42. Qd3 Qg1 43. a5 gxf4 44. gxf4 e5 45. Nxe5 Bxe5 46.
fxe5 Qg5+ 47. Kc2 Qxe5 48. b4 f5 49. Kb3 f4 50. a6 Qd5+ 51. Qc4 Qxc4+ 52. Kxc4 d3 53.
Kxd3 1-0

[Event "Late-Titled-Tuesday-Blitz-February-06-2024"]
[Site "Chess.com"]
[Date "2024.02.06"]
[Round "1"]
[White "VitaliyChayka"]
[Black "bascheyaro"]
[Result "0-1"]
[WhiteElo "2414"]
[BlackElo "2786"]
[TimeControl "180+1"]
[EndTime "14:07:43 PST"]
[Termination "bascheyaro won by resignation"]

1. d4 d5 2. Bf4 Bf5 3. e3 e6 4. Bd3 Bg6 5. Nf3 Nf6 6. O-O c5 7. c4 Nc6 8. Nc3 cxd4 9. exd4 Be7 10. Bxg6 hxg6 11. Qb3 Bb4 12. cxd5 Nxd5 13. Nxd5 Qxd5 14. Qxd5 exd5 15. a3 Be7 16. Rfe1 Kd7 17. Ne5+ Nxe5 18. Bxe5 f6 19. Bf4 Rhc8 20. Rac1 g5 21. Be3 b5 22. Kf1 Rc4 23. Ke2 a5 24. Kd3 a4 25. Re2 Bd6 26. h3 Re8 27. Rxc4 dxc4+ 28. Kc2 Kc6 29. Re1 b4 30. axb4 Bxb4 31. Ra1 Kb5 32. d5 Rd8 33. Rd1 Bc5 34. Bxc5 Kxc5 35. Ra1 Ra8 36.
Rd1 a3 37. Ra1 a2 38. Kc3 Kxd5 39. Rd1+ Kc5 40. Ra1 f5 41. f3 f4 42. Kd2 Kd4 43.
Kc2 Ke3 44. Kc3 Kf2 45. Kxc4 Kxg2 46. b4 Kxf3 47. b5 Kg2 48. b6 f3 49. b7 Rb8 50.
Rxa2+ f2 0-1

[Event "Late-Titled-Tuesday-Blitz-February-06-2024"]
[Site "Chess.com"]
[Date "2024.02.06"]
[Round "1"]
[White "DraningWaterHi"]
[Black "mightysmasher"]
[Result "1-0"]
[WhiteElo "2181"]
[BlackElo "2559"]
[TimeControl "180+1"]
[EndTime "14:07:43 PST"]
[Termination "DraningWaterHi won by checkmate"]

1. e4 e6 2. d4 d5 3. Nd2 dxe4 4.
Nxe4 Nd7 5. Nf3 Ngf6 6. Bd3 Nxe4 7. Bxe4 Nf6 8. Bd3 c5 9. dxc5 Bxc5 10. Bb5+ Bd7 11. Bxd7+ Qxd7 12. O-O O-O-O 13. Qe2 h5 14. Bg5 Bd6 15. Rad1 Qc7 16. h3 Be7 17. Ne5 Bc5 18. c3 Rd5 19. Bxf6 gxf6 20. Rxd5 exd5 21.
Nf3 Rg8 22. Qd3 Qg3 23. Qf5+ Kb8 24. Ne1 Qg5 25. Qf3 Bd6 26. Nd3 Bc7 27. Re1 b6 28. Re2 Rd8 29. b3 a5 30. a4 d4 31. c4 Qg6 32. h4 Rg8 33. g3 Qg4 34. Qxg4 Rxg4 35. Kg2 f5 36. Re8+ Kb7 37. Re7 f4 38. Nxf4 Kb8 39.
Nd3 Rg7 40. Kf3 Kc8 41. Re4 f5 42. Rxd4 Re7 43. Rd5 Rf7 44. Ne5 Re7 45. Nd3 Rf7 46. c5 bxc5 47. Rxc5 Kb7 48. Rb5+ Kc6 49. Ne5+ Bxe5 50.
Rxe5 Rb7 51. Rxa5 Rxb3+ 52. Kf4 Rb2 53. Rxf5 Rxf2+ 54. Kg5 Ra2 55. Kxh5 Rxa4 56. g4 Kd6 57. g5 Ke6 58. Rf1 Ke7 59. g6 Ra5+ 60. Kh6 Ra4 61. h5 Ra6 62. Kg7 Ra7 63. Rf7+ Ke8 64. Rxa7 Kd8 65.
h6 Kc8 66. h7 Kb8 67. Rf7 Ka8 68. h8=R# 1-0